 Dungeon Crawl Stone Soup version 0.31-a0-202-g547052bce9 (webtiles) character file.

Game seed: 2918471273330578849

66 qw the Shooter (level 3, -1/20 HPs)
             Began as a Deep Elf Hunter on June 26, 2023.
             Killed by nerve-wracking pain
             ... invoked by Jessica
              (14 damage)
             ... on level 3 of the Dungeon.
             The game lasted 00:00:33 (1781 turns).

qw the Shooter (Deep Elf Hunter)                    Turns: 1781, Time: 00:00:34

Health: -1/20      AC:  6    Str: 10    XL:     3   Next: 96%
Magic:  5/5        EV: 11    Int: 13    God:
Gold:   58         SH:  0    Dex: 18    Spells: 2/2 levels left

rFire   . . .        Y - +0 shortbow
rCold   . . .        (shield currently unavailable)
rNeg    . . .        i - +0 ring mail
rPois   +            (no helmet)
rElec   .            (no cloak)
rCorr   .            k - +0 pair of gloves
SInv    .            (no boots)
Will    .....        (no amulet)
Stlth   +            d - ring of poison resistance
HPRegen 0.23/turn    (no ring)
MPRegen 0.09/turn

%: no passive effects
@: no status effects
A: no striking features
a: no special abilities


You were on level 3 of the Dungeon.
You visited 1 branch of the dungeon, and saw 3 of its levels.

You collected 58 gold pieces.


   Skills:
 - Level 1.5 Fighting
 + Level 7.4 Ranged Weapons
 - Level 2.4 Dodging
 - Level 1.2 Stealth


You had 2 spell levels left.
You didn't know any spells.
Your spell library was empty.

Inventory:

Hand Weapons
 Y - a +0 shortbow (weapon)
Armour
 i - a +0 ring mail (worn)
 k - a +0 pair of gloves (worn)
Jewellery
 d - a ring of poison resistance (left hand)
Scrolls
 b - a scroll of teleportation
 j - 2 scrolls of identify
Potions
 a - a potion of curing
 c - a potion of enlightenment {unknown}
 e - a potion of cancellation {unknown}
 g - a potion of might
 h - a potion of brilliance {unknown}

Dungeon Overview and Level Annotations

Branches:
Dungeon (3/15)

Altars:

Annotations:
D:2 1 runed translucent door, Crazy Yiuf
D:3 Jessica


Message History

You see here a +0 hand axe.
Jessica the Apprentice Sorceress comes into view.
She is wielding a +0 dagger.
Jessica shouts!
You shoot an arrow. The arrow closely misses Jessica.
Jessica gestures at you while chanting.
You feel yourself slow down.
You shoot an arrow. The arrow barely misses Jessica.
You shoot an arrow. The arrow barely misses Jessica.
You shoot an arrow. The arrow hits Jessica.
Jessica is lightly wounded.
Jessica hits you but does no damage.
You shoot an arrow.
The arrow hits Jessica but does no damage.
Jessica is lightly wounded.
Jessica hits you with a +0 dagger. Jessica closely misses you.
You shoot an arrow. The arrow closely misses Jessica.
Jessica hits you but does no damage. Jessica hits you with a +0 dagger.
You shoot an arrow. The arrow closely misses Jessica.
Jessica closely misses you. Jessica hits you but does no damage.
You shoot an arrow. The arrow hits Jessica.
Jessica is heavily wounded.
Jessica mumbles some strange words.
Jessica blinks!
Jessica drinks a potion.
Jessica is healed!
You shoot an arrow. The arrow barely misses Jessica.
Jessica shouts, "I don't like beings like you!"
You shoot an arrow. The arrow hits Jessica.
Jessica is lightly wounded.
You feel yourself speed up.
You shoot an arrow. The arrow closely misses Jessica.
You shoot an arrow. The arrow hits Jessica.
Jessica is moderately wounded.
Jessica hits you with a +0 dagger.
You shoot an arrow. The arrow barely misses Jessica.
Jessica hits you but does no damage.
You shoot an arrow. The arrow hits Jessica.
Jessica is moderately wounded.
Jessica gestures at you while chanting. Pain shoots through your body!
Ouch! That really hurt!
You die...

## #.. .# #
#.##### .#.#
#.#...## .#.#
####.#.... ...###
..#.#... .....
#.#.##.#####..#
#.##.#(##.....@.|#
#......)...####@##
####.#.##.## .#
##.#.##.# .#
#####.......# .#
....#.##.#..# .#
......##....... .#
###.#.####..### ##
#.#.# ####


You could see Jessica.

Vanquished Creatures
  2 adders (D:2)
  A worm (D:3)
  An orc (D:3)
  5 ball pythons
  2 endoplasms (D:1)
  3 giant cockroaches
  4 goblins
  2 hobgoblins
  4 jackals (D:1)
  5 kobolds
  2 quokkas
  6 bats
  A frilled lizard (D:1)
  3 rats
41 creatures vanquished.

Notes
Turn   | Place    | Note
-------+----------+-------------------------------------------
     0 | D:1      | qw the Deep Elf Hunter began the quest for the Orb.
     0 | D:1      | Reached XP level 1. HP: 12/12 MP: 3/3
     0 | D:1      | 0 ||| qw: Version: 0.3-a-22-g0ed2b0b
     0 | D:1      | 0 ||| qw: Game counter: 5974
     0 | D:1      | 0 ||| qw: Melee chars always use a shield: true
     0 | D:1      | 0 ||| qw: God list: Okawaru
     0 | D:1      | 0 ||| qw: Allow faded altars: false
     0 | D:1      | 0 ||| qw: Do Orc after clearing Dungeon:15 true
     0 | D:1      | 0 ||| qw: Do second Lair branch before Depths: true
     0 | D:1      | 0 ||| qw: Lair rune preference: random
     0 | D:1      | 0 ||| qw: Goals: Normal
     0 | D:1      | 0 ||| PLANNING D:1-11
    78 | D:1      | HP: 3/12 [quokka (1)]
   187 | D:1      | Reached skill level 6 in Ranged Weapons
   187 | D:1      | Reached XP level 2. HP: 16/16 MP: 4/4
   604 | D:1      | 604 ||| UPGRADING to +0 ring mail.
   614 | D:1      | 614 ||| DROPPING +0 leather armour.
   615 | D:1      | 615 ||| UPGRADING to ring of poison resistance.
   616 | D:1      | 616 ||| READING scroll labelled FORATASTRARPHO.
   617 | D:1      | 617 ||| READING scroll labelled QIL XAUVOBA.
   618 | D:1      | 618 ||| READING scroll labelled POPHI XEUN.
   621 | D:1      | 621 ||| READING 2 scrolls labelled LOUTUR FENNOSMA.
   622 | D:1      | 622 ||| DRINKING 2 black potions.
   623 | D:1      | 623 ||| DROPPING scroll of butterflies.
   700 | D:2      | Reached XP level 3. HP: 20/20 MP: 5/5
   740 | D:2      | Reached skill level 7 in Ranged Weapons
  1443 | D:2      | Found a faded altar of an unknown god.
  1475 | D:2      | Identified the +7 trident of Narrow Prudence {freeze, rC+}
  1569 | D:2      | Found a runed translucent door.
  1570 | D:2      | Noticed Crazy Yiuf
  1634 | D:2      | 1634 ||| UPGRADING to +0 pair of gloves.
  1639 | D:2      | 1639 ||| READING scroll labelled BAOCISOMUA.
  1640 | D:2      | 1640 ||| READING scroll labelled RICEAMIXUI.
  1767 | D:3      | Noticed Jessica
  1781 | D:3      | Killed from afar by Jessica

Levels and vault maps discovered:
D:1:      enne_arrival_octagon_isle, layout_basic,
          chequers_serial_rivers_small_b
D:2:      mumra_celtic_spiral_tile, layout_basic,
          hellmonk_ecumenical_altar_zigzags, uniq_crazy_yiuf_cottage
D:3:      layout_loops_ring, grunt_temple_overflow_growth_and_decay,
          vehumet_crystals, uniq_jessica

Skill      XL: |  1  2  3 |
---------------+----------+-----
Ranged Weapons | 6 7 |  7.4
Fighting       | |  1.5
Dodging        | |  2.4
Stealth        | |  1.2

Action                     || total
---------------------------++-------
   Fire: Shortbow          ||   120
    Use: Scroll            ||     6
         Potion            ||     1
 Armour: Ring mail         ||    19
  Dodge: Dodged            ||    29

Table legend:
 A = Non-vault XP
 B = Vault XP
 C = Vault XP percentage of total XP
 D = Non-vault monster count
 E = Vault monster count
 F = Vault count percentage of total count
                 A         B        C        D         E       F
            +---------+---------+-------+---------+---------+-------
      Total |      95 |       0 |   0.0 |      41 |       0 |   0.0
            +---------+---------+-------+---------+---------+-------
        D:1 |      33 |       0 |   0.0 |      20 |       0 |   0.0
        D:2 |      51 |       0 |   0.0 |      17 |       0 |   0.0
        D:3 |      11 |       0 |   0.0 |       4 |       0 |   0.0
            +---------+---------+-------+---------+---------+-------
